 Dungeon Crawl Stone Soup version 0.26-a0-651-gb41185065b (webtiles) character file.

Game seed: 12544681248476014345

57 Flugslaktarn the Shield-Bearer (level 3, -2/34 HPs)
             Began as a Deep Dwarf Fighter on Oct 4, 2020.
             Slain by an iguana (5 damage)
             ... on level 6 of the Dungeon.
             The game lasted 00:00:30 (658 turns).

Flugslaktarn the Shield-Bearer (Deep Dwarf Fighter)  Turns: 658, Time: 00:00:30

Health: -2/34      AC:  6    Str: 20    XL:     3   Next: 73%
Magic:  3/3        EV:  7    Int:  8    God:
Gold:   75         SH:  9    Dex: 12    Spells: 2/2 levels left

rFire    . . .     SeeInvis .   a - +0 war axe
rCold    . . .     Faith    .   c - +0 kite shield
rNeg     . . .     Spirit   .   b - +0 scale mail
rPois    +         Reflect  .   (no helmet)
rElec    .         Harm     .   (no cloak)
rCorr    .         Rampage  .   (no gloves)
MR       .....                  (no boots)
Stlth    ..........             (no amulet)
HPRegen  0.00/turn              o - ring of poison resistance (curse)
MPRegen  0.08/turn              (no ring)

@: non-regenerating
A: damage resistance, heal wounds, sense surroundings 1, no regeneration
a: Heal Wounds


You were on level 6 of the Dungeon.
You visited 1 branch of the dungeon, and saw 4 of its levels.

You collected 75 gold pieces.

Inventory:

Hand Weapons
 a - a +0 war axe (weapon)
Armour
 b - a +0 scale mail (worn)
 c - a +0 kite shield (worn)
Jewellery
 o - a cursed ring of poison resistance (left hand)
   (You found it on level 2 of the Dungeon)
Scrolls
 e - 2 scrolls of amnesia {unknown}
 g - a scroll of teleportation {unknown}
 h - a scroll of remove curse {unknown}
 j - a scroll of enchant weapon {unknown}
 k - a scroll of magic mapping {unknown}
 l - 2 scrolls of identify {unknown}
Potions
 d - a potion of might
 f - a potion of haste {unknown}
 i - 2 potions of curing {unknown}
 m - 2 potions of brilliance {unknown}
 n - a potion of heal wounds {unknown}


   Skills:
 * Level 3.2 Fighting
 * Level 3.1 Axes
 + Level 3.6 Armour
 + Level 3.7 Shields


You had 2 spell levels left.
You didn't know any spells.
Your spell library was empty.

Dungeon Overview and Level Annotations

Branches:
Dungeon (3/15)

Altars:

Annotations:
D:6 2 transporters, imnewhereh's ghost, novice GnVM


Innate Abilities, Weirdness & Mutations

You are resistant to damage.
You can heal yourself by infusing magical energy.
You passively map a small area around you.
You do not regenerate.


Message History

e - 2 scrolls labeled AFIUCI FEIFOU (gained 1)
You hear the slow rusting of a very distant drain.
Found a stone staircase leading up.
There is a stone staircase leading up here.
An iguana comes into view.
The iguana hisses angrily.
You block the iguana's attack.
You barely miss the iguana. The iguana bites you!
You block the iguana's attack.
You barely miss the iguana. The iguana bites you.
You hit the iguana.
The iguana is lightly wounded.
The iguana hisses menacingly.
The iguana bites you.
You hit the iguana but do no damage.
The iguana is lightly wounded.
The iguana bites you!
* * * LOW HITPOINT WARNING * * *
The iguana bites you!
You die...

, , , , , , * * * * ########
##### ,, , #......##.# , ....# *
, ###......##.#.#≈≈.# ....# ,
.........#.#.#≈≈.# ....####
#.l.....#.#.≈≈..# ........ >
#.@.....#.#≈≈≈..#
....########.##.......#.#.≈...#
#..........#.##.####..#.#.#...#
#.#######....##.##.<..#.#.#.#.###
#............##....#..#.....#...#
#.######.....#######..###.#...#.#
#.#....#.....# #.........#.#.#.#
#...##.#..<..# #.#########.#.#.#
#©...........# # , , ,#.#.#.#


You could see an iguana.

Vanquished Creatures
  2 adders
  An ufetubus (D:6)
  A worm (D:3)
  A leopard gecko (D:2)
  2 orcs (D:3)
  2 bats (D:3)
  A giant cockroach (D:6)
  3 goblins
  4 hobgoblins
  4 jackals (D:2)
  A quokka (D:3)
  2 frilled lizards
  3 rats (D:2)
27 creatures vanquished.

Notes
Turn   | Place    | Note
-------+----------+-------------------------------------------
     0 | D:1      | Flugslaktarn the Deep Dwarf Fighter began the quest for the
                  | Orb.
     0 | D:1      | Reached XP level 1. HP: 20/20 MP: 1/1
    98 | D:2      | Reached XP level 2. HP: 25/27 MP: 2/2
   277 | D:3      | Reached XP level 3. HP: 31/34 MP: 3/3
   534 | D:3      | You fall into a shaft and drop 3 floors!
   539 | D:6      | Found a transporter.
   567 | D:6      | Found a transporter.
   567 | D:6      | Noticed imnewhereh's ghost (novice GnVM)
   574 | D:6      | Noticed a spectral killer bee
   658 | D:6      | Slain by an iguana

Illustrated notes

Levels and vault maps discovered:
D:1:      dpeg_arrival_rooms_with_view, layout_basic
D:2:      layout_loops_cross, uniq_crazy_yiuf_cottage
D:3:      wander_river, layout_loops_ring
D:6:      layout_basic, gup_sewer_entry_pipe, gammafunk_ghost_mausoleum,
          chequers_serial_rivers_small_a, minmay_chambers_of_fives

Skill      XL: |  1  2  3 |
---------------+----------+-----
Fighting       | 3 |  3.2
Axes           | 3 |  3.1
Armour         | |  3.6
Shields        | |  3.7

Action                   || total
-------------------------++-------
Melee: War axe           ||    88
Armor: Scale mail        ||    42
Dodge: Dodged            ||    28
Block: Kite shield       ||    50

Table legend: (Time is in decaauts)
 A = Elapsed time spent in this place.
 B = Non-inter-level travel time spent in this place.
 C = Inter-level travel time spent in this place.
 D = Time resting spent in this place.
 E = Time spent auto-exploring this place.
 F = Levels seen in this place.
 G = Mean time per level.
                   A        B        C        D        E       F      G
               +--------+--------+--------+--------+--------+-----+--------+
         Total |    709 |    694 |     15 |      0 |    487 |   4 |  177.2 |
       Dungeon |    709 |    694 |     15 |      0 |    487 |   4 |  177.2 |
               +--------+--------+--------+--------+--------+-----+--------+

Top non-repeatable levels by time:
     D:3: 368 daAuts
     D:2: 145 daAuts
     D:6: 128 daAuts
     D:1: 67 daAuts
